 Dungeon Crawl Stone Soup version 0.20.1-1-g8b1a95d (webtiles) character file.

2158 Linguinho the Grappler (level 9, -7/81 HPs)
             Began as a Troll Hunter on Nov 14, 2017.
             Mangled by Linguinho's ghost (10 damage)
             ... on level 6 of the Dungeon.
             The game lasted 00:08:08 (5531 turns).

Linguinho the Grappler (Troll Hunter)               Turns: 5531, Time: 00:08:08

Health: -7/81      AC:  5    Str: 25    XL:     9   Next: 10%
Magic:  0/8        EV: 10    Int:  7    God:
Gold:   208        SH:  0    Dex: 10    Spells: 8/8 levels left

rFire    . . .     SeeInvis .     - Unarmed
rCold    . . .     Gourm    +   (no shield)
rNeg     . . .     Faith    .   b - +0 robe
rPois    .         Spirit   +   (helmet restricted)
rElec    .         Reflect  .   (no cloak)
rCorr    .         Harm     .   (gloves unavailable)
MR       .....                  (boots unavailable)
Stlth    +++.......             r - amulet of guardian spirit
Regen    0.7/turn               t - ring of stealth
MPRegen  0.2/turn               (no ring)

@: lethally poisoned (-7 -> -8)
A: unfitting armour, claws 3, fast metabolism 3, gourmand, regeneration 1,
shaggy fur 1, tough skin 2
a: no special abilities


You were on level 6 of the Dungeon.
You were completely stuffed.

You visited 1 branch of the dungeon, and saw 6 of its levels.

You collected 208 gold pieces.

Inventory:

Hand Weapons
 p - a +0 club
 C - a +0 giant club
Missiles
 c - 5 large rocks (quivered)
 d - 2 throwing nets
Armour
 b - a +0 robe (worn)
Jewellery
 r - an amulet of guardian spirit (around neck)
 t - a ring of stealth (left claw)
Wands
 x - a wand of disintegration (9/24)
 B - a wand of flame (33/48)
Scrolls
 g - 3 scrolls of enchant armour
 i - 2 scrolls of recharging {unknown}
 k - 3 scrolls of teleportation
 m - 2 scrolls of noise {unknown}
 u - a scroll of fear {unknown}
 v - a scroll of immolation {unknown}
 y - 3 scrolls of remove curse {unknown}
 D - a scroll of magic mapping {unknown}
Potions
 a - 4 potions of might
 l - a potion of mutation {unknown}
 n - 2 potions of resistance {unknown}
 o - 2 potions of brilliance {unknown}
 q - a potion of haste {unknown}
 s - 3 potions of curing
 E - a potion of flight {unknown}
Books
 z - a book of Misfortune

   Spells                             Type                      Level
   a - Confusing Touch                Hexes                        1
   b - Confuse                        Hexes                        3
   c - Gell's Gravitas                Translocation                3
   d - Petrify                        Transmutation/Earth          4
   e - Metabolic Englaciation         Hexes/Ice                    5
   f - Yara's Violent Unravelling     Hexes/Transmutation          5
Comestibles
 f - 6 bread rations
 h - 3 fruits
 j - 3 royal jellies
 w - 9 chunks of flesh
 A - a meat ration


   Skills:
 + Level 3.0 Fighting
 * Level 3.6 Maces & Flails
 + Level 4.6 Throwing
 - Level 1.5 Dodging
 + Level 2.0 Stealth
 * Level 9.6 Unarmed Combat


You had 8 spell levels left.
You didn't know any spells.

Dungeon Overview and Level Annotations

Branches:
Dungeon (6/15)             Temple (0/1) D:5

Altars:
Trog

Shops:
D:4 [

Annotations:
D:6 Linguinho's ghost, novice TrHu


Innate Abilities, Weirdness & Mutations

You are too large for most types of armour.
You have claws for hands.
Your metabolism is lightning-fast.
You like to eat raw meat.
Your natural rate of healing is unusually fast.
You are covered in fur. (AC +1)
You have very tough skin. (AC +2)


Message History

Linguinho's ghost barely misses you. The scorpion barely misses you.
The scorpion stings you but does no damage.
The howler monkey hoots and howls with incredible vigour!
You see here a giant spiked club.
You mangle the howler monkey!!
You kill the howler monkey!
Linguinho's ghost hits you!! The scorpion stings you.
You are poisoned.
The scorpion poisons you!
You closely miss the scorpion. You claw the scorpion!
The scorpion is heavily wounded.
You feel sick. Linguinho's ghost barely misses you. The scorpion stings you!
You closely miss the scorpion.
The scorpion is heavily wounded.
You feel sick. Linguinho's ghost hits you!!
* * * LOW HITPOINT WARNING * * *
The scorpion stings you but does no damage.
Unknown command.
You feel sick. Linguinho's ghost hits you!
You die...

#...#.###.#.###..#.####.######.#
#.........#.##..###..)..)......#
#...#.......#....#.####.###.##.#
##.###########(...## #).......
#.#### ##.### #.##..##. #....#
#.# #.##.## ####.# #.# #.##.#
#.# ##W## #.##.# # #.# #s)@#
#..... # #.# #..†..# ####.# #
##.## #$.....?# ##..#
##...####.........####...######
#.......+.........+............
##...####........!####...######
##.## ##.......## ##..# #.#
##.....## ###.# ####.#### #...#


You could see a scorpion and Linguinho's ghost.

Vanquished Creatures
  An ice beast (D:6)
  A black bear (D:5)
  A sky beast (D:6)
  3 phantoms
  2 ogres
  2 bullfrogs (D:6)
  A scorpion (D:6)
  5 killer bees (D:6)
  5 wights (D:4)
  A howler monkey (D:6)
  A bullfrog zombie (D:6)
  3 jellies
  4 orc priests
  2 orc wizards
  Ijyb (D:5)
  A bullfrog skeleton (D:4)
  3 hounds
  An iguana (D:6)
  5 worker ants
  A killer bee zombie (D:5)
  7 gnolls
  7 adders
  2 worms (D:2)
  A dart slug (D:2)
  2 leopard geckos
  20 orcs
  3 bats
  A giant cockroach (D:4)
  5 goblins
  5 hobgoblins
  2 jackals (D:2)
  4 quokkas
  3 frilled lizards
  10 kobolds
  A leopard gecko skeleton (D:4)
  A leopard gecko zombie (D:6)
  A quokka skeleton (D:6)
  4 rats
123 creatures vanquished.

Notes
Turn   | Place    | Note
-------+----------+-------------------------------------------
     0 | D:1      | Linguinho the Troll Hunter began the quest for the Orb.
     0 | D:1      | Reached XP level 1. HP: 19/19 MP: 0/0
    50 | D:1      | Reached XP level 2. HP: 19/27 MP: 1/1
   732 | D:2      | Reached skill level 1 in Unarmed Combat
  1129 | D:2      | Reached XP level 3. HP: 8/35 MP: 2/2
  1494 | D:3      | Reached skill level 2 in Unarmed Combat
  1494 | D:3      | Reached XP level 4. HP: 40/42 MP: 3/3
  1652 | D:3      | Found a bloodstained altar of Trog.
  2014 | D:4      | Found Uphept's Antique Armour Shoppe.
  2049 | D:4      | Reached skill level 1 in Maces & Flails
  2059 | D:4      | Reached skill level 3 in Unarmed Combat
  2059 | D:4      | Reached XP level 5. HP: 42/49 MP: 1/4
  2539 | D:4      | Noticed a phantom
  2552 | D:4      | Killed a phantom
  2552 | D:4      | Reached skill level 4 in Unarmed Combat
  2552 | D:4      | Reached XP level 6. HP: 51/57 MP: 5/5
  2841 | D:4      | Reached skill level 5 in Unarmed Combat
  3022 | D:4      | Reached skill level 1 in Stealth
  3022 | D:4      | Reached XP level 7. HP: 63/66 MP: 6/6
  3195 | D:5      | Entered Level 5 of the Dungeon
  3291 | D:5      | Reached skill level 6 in Unarmed Combat
  3477 | D:5      | Noticed Ijyb
  3521 | D:5      | Killed Ijyb
  3579 | D:5      | Reached skill level 7 in Unarmed Combat
  3706 | D:5      | Reached XP level 8. HP: 66/74 MP: 5/7
  3719 | D:5      | Found a staircase to the Ecumenical Temple.
  4314 | D:6      | Reached skill level 8 in Unarmed Combat
  4319 | D:6      | Noticed Linguinho's ghost (novice TrHu)
  4331 | D:6      | HP: 3/74 [Linguinho's ghost (19)]
  5092 | D:6      | Reached skill level 9 in Unarmed Combat
  5365 | D:6      | Reached XP level 9. HP: 46/81 MP: 4/8
  5530 | D:6      | HP: 3/81 [Linguinho's ghost (26)]
  5531 | D:6      | Mangled by Linguinho's ghost

Skill      XL: |  1  2  3  4  5  6  7  8  9 |
---------------+----------------------------+-----
Throwing       | 4 |  4.6
Unarmed Combat | 1 2 3 4 5 7 9 |  9.6
Maces & Flails | 1 2 3 |  3.6
Fighting       | 2 3 |  3.0
Stealth        | 1 2 |  2.0
Dodging        | |  1.5

Action                   |  1- 3 |  4- 6 |  7- 9 || total
-------------------------+-------+-------+-------++-------
Melee: Unarmed           |    96 |   168 |   228 ||   492
       Punch             |       |     2 |     7 ||     9
Throw: Large rock        |       |       |     7 ||     7
  Use: Scroll            |       |       |     6 ||     6
 Stab: Sleeping          |       |     5 |     8 ||    13
  Eat: Chunk             |    14 |    14 |    28 ||    56
Armor: Robe              |    22 |    40 |    55 ||   117
Dodge: Dodged            |    43 |    91 |    91 ||   225
